 Dungeon Crawl Stone Soup version 0.28.0-43-g3370ac3207 (webtiles) character file.

Game seed: 6404733641068018972

126 pkoi the Insei (level 4, -7/36 HPs)
             Began as a Demigod Warper on Mar 25, 2022.
             Mangled by Natasha (8 damage)
             ... on level 3 of the Dungeon.
             The game lasted 00:03:37 (3835 turns).

pkoi the Insei (Demigod Warper)                     Turns: 3835, Time: 00:03:37

Health: -7/36      AC:  3    Str: 12    XL:     4   Next: 54%
Magic:  9/9        EV: 12    Int: 15    God:
Gold:   102        SH:  0    Dex: 17    Spells: 6/6 levels left

rFire   . . .      SeeInvis .   g - +0 short sword
rCold   . . .      Faith    .   (no shield)
rNeg    . . .      Spirit   .   a - +0 leather armour
rPois   .          Reflect  .   (no helmet)
rElec   .          Harm     .   (no cloak)
rCorr   .          Rampage  .   (no gloves)
Will    .....                   (no boots)
Stlth   +.........              (no amulet)
HPRegen 0.12/turn               (no ring)
MPRegen 0.11/turn               (no ring)

@: slowed, very slow
A: high MP 1, forlorn, divine attributes
a: no special abilities


You were on level 3 of the Dungeon.
You visited 1 branch of the dungeon, and saw 3 of its levels.

You collected 102 gold pieces.

Inventory:

Hand Weapons
 g - a +0 short sword (weapon)
Missiles
 c - 5 boomerangs of dispersal (quivered)
 i - 5 boomerangs
Armour
 a - a +0 leather armour (worn)
Magical Staves
 h - a staff of cold
Scrolls
 b - a scroll of blinking
 d - 3 scrolls of identify {unknown}
 e - 3 scrolls of enchant weapon {unknown}
Potions
 f - a potion of mutation {unknown}


   Skills:
 - Level 1.7 Fighting
 - Level 0.8 Throwing
 - Level 0.8 Armour
 - Level 1.7 Dodging
 + Level 4.6 Unarmed Combat
 - Level 1.7 Spellcasting
 - Level 2.6 Translocations


You had 6 spell levels left.
You didn't know any spells.
Your spell library contained the following spells:

 Spells                   Type           Power      Damage    Failure   Level
 Blink                    Tloc           18%        N/A       14%         2
 Gell's Gravitas          Tloc           9%         N/A       28%         3
 Lesser Beckoning         Tloc           9%         N/A       28%         3
 Teleport Other           Tloc           9%         N/A       28%         3
 Manifold Assault         Tloc           9%         N/A       95%         5


Dungeon Overview and Level Annotations

Branches:
Dungeon (3/15)

Annotations:
D:3 Natasha


Innate Abilities, Weirdness & Mutations

You have an increased reservoir of magic. (+10% MP)
You shall have no god before yourself.
Your divine heritage dramatically boosts your attributes as you level up.


Message History

* * * LOW HITPOINT WARNING * * *
You hit Natasha.
Natasha is moderately wounded.
Natasha completely misses you.
The iron imp shouts, "Back with thee, thou pottle-deep fly-bitten slime mould!"
The iron imp misses you. Natasha claws you.
* * * LOW HITPOINT WARNING * * *
You hit Natasha.
Natasha is heavily wounded.
The iron imp misses you. Natasha closely misses you.
You hit Natasha.
Natasha is severely wounded.
Natasha barely misses you. The iron imp hits you!
* * * LOW HITPOINT WARNING * * *
You barely miss Natasha.
Natasha is severely wounded.
Natasha barely misses you. The iron imp hits you.
* * * LOW HITPOINT WARNING * * *
You closely miss Natasha.
Natasha is severely wounded.
Natasha stares at you and mumbles some strange words.
You resist with some effort.
You hit Natasha but do no damage.
Natasha is severely wounded.
The iron imp barely misses you. Natasha claws you but does no damage.
You hit Natasha.
Natasha is almost dead.
The iron imp barely misses you.
Natasha howls an incantation.
Natasha shimmers violently.
Natasha casts a spell at you.
You feel yourself slow down.
You barely miss Natasha.
Natasha is almost dead.
Natasha stares at you and mumbles some strange words.
The magic dart hits you!
* * * LOW HITPOINT WARNING * * *
The iron imp hits you but does no damage.
Natasha claws you!
You die...

####### ......##
.......##
........###############.
........................
...........<....@....).#
...............#h5......
.........####...........
......>..# ##..........
........## #..........
........# ...........
......... ###.........
.)........ ..........
......


You could see an iron imp (summoned) and Natasha.

Vanquished Creatures
  Jessica (D:2)
  Natasha (D:3)
  3 adders
  A worm (D:2)
  4 endoplasms
  5 giant cockroaches
  4 goblins
  5 hobgoblins
  2 kobolds (D:1)
  A quokka (D:1)
  2 ball pythons (D:1)
  9 bats
  4 frilled lizards
  5 rats
47 creatures vanquished.

Notes
Turn   | Place    | Note
-------+----------+-------------------------------------------
     0 | D:1      | pkoi the Demigod Warper began the quest for the Orb.
     0 | D:1      | Reached XP level 1. HP: 17/17 MP: 5/5
    43 | D:1      | Reached skill level 2 in Unarmed Combat
   836 | D:1      | Reached XP level 2. HP: 24/24 MP: 7/7
  1417 | D:1      | Reached skill level 3 in Unarmed Combat
  1896 | D:1      | Reached XP level 3. HP: 14/29 MP: 8/8
  2255 | D:2      | Noticed Jessica
  2271 | D:2      | Killed Jessica
  2272 | D:2      | Reached skill level 4 in Unarmed Combat
  3324 | D:2      | Reached XP level 4. HP: 36/36 MP: 9/9
  3534 | D:3      | Noticed Natasha
  3548 | D:3      | Killed Natasha
  3821 | D:3      | Noticed Natasha
  3835 | D:3      | HP: 1/36 [Natasha/magic dart (7)]
  3835 | D:3      | Mangled by Natasha

Illustrated notes

Levels and vault maps discovered:
D:1:      dpeg_arrival_rhombi, layout_loops_corners, basic_ecumenical_altar,
          hangedman_abyss_or_decor_lesser_grid, hangedman_decor_push
D:2:      layout_rooms, minivault_4, uniq_jessica
D:3:      cheibrodos_greedy_goblins, layout_rooms, uniq_sigmund, uniq_natasha

Skill      XL: |  1  2  3 |
---------------+----------+-----
Unarmed Combat | 2 3 4 |  4.6
Fighting       | |  1.7
Throwing       | |  0.8
Armour         | |  0.8
Dodging        | |  1.7
Spellcasting   | |  1.7
Translocations | |  2.6

Action                   |  1- 3 |  4- 6 || total
-------------------------+-------+-------++-------
Melee: Unarmed           |   104 |       ||   104
       Punch             |     2 |     1 ||     3
       Short sword       |    85 |    39 ||   124
  Use: Potion            |     2 |       ||     2
 Stab: Sleeping          |     3 |       ||     3
Armor: Leather armour    |    54 |     4 ||    58
Dodge: Dodged            |   128 |    26 ||   154
